 Dungeon Crawl Stone Soup version 0.31.0-12-g77e489cdc1 (webtiles) character file.

Game seed: 3708501391515395018

1050 Gadfly the Sneak (level 8, -18/39 HPs)
             Began as a Spriggan Enchanter on Feb 17, 2024.
             Demolished by an ogre
             ... wielding a +0 giant spiked club
              (33 damage)
             ... on level 6 of the Dungeon.
             The game lasted 00:08:04 (5107 turns).

Gadfly the Sneak (Spriggan Enchanter)               Turns: 5107, Time: 00:08:04

Health: -18/39     AC:  5    Str:  4    XL:     8   Next: 5%
Magic:  10/16      EV: 20    Int: 16    God:
Gold:   52         SH:  0    Dex: 18    Spells: 11/16 levels left

rFire   + . .        b - +3 short sword (protect)
rCold   . . .        (no shield)
rNeg    + . .        t - +2 robe {rN+}
rPois   .            (helmet restricted)
rElec   .            e - +0 cloak
rCorr   .            (gloves unavailable)
SInv    +            (boots unavailable)
Will    +....        (no amulet)
Stlth   ++++         d - ring of protection from fire
HPRegen 0.26/turn    (no ring)
MPRegen 0.15/turn

%: no passive effects
@: very slightly contaminated, very quick
A: very small, no large weapons, unfitting armour, see invisible, speed 3
a: no special abilities


You were on level 6 of the Dungeon.
You visited 1 branch of the dungeon, and saw 6 of its levels.

You collected 228 gold pieces.
You spent 176 gold pieces at shops.

Inventory:

Hand Weapons
 a - a +3 dagger of draining
 b - a +3 short sword of protection (weapon)
 m - a +1 dagger of freezing
 n - a +1 dagger
 s - a +0 dagger of electrocution
Armour
 e - a +0 cloak (worn)
 t - a +2 robe of positive energy (worn)
Jewellery
 d - a ring of protection from fire (left hand)
Wands
 p - a wand of flame (24)
 u - a wand of paralysis (8)
 v - a wand of light (9)
Scrolls
 g - 2 scrolls of teleportation
 i - a scroll of immolation
 k - 2 scrolls of identify
Potions
 c - 2 potions of invisibility
 f - a potion of resistance
 h - 2 potions of might
 j - a potion of haste
 l - a potion of ambrosia
 o - a potion of heal wounds
 q - 2 potions of enlightenment
 r - a potion of curing


   Skills:
 + Level 2.8 Fighting
 + Level 3.9 Short Blades
 + Level 5.3 Dodging
 + Level 7.1 Stealth
 + Level 4.7 Spellcasting
 + Level 5.5 Hexes
 + Level 4.3 Evocations


You had 11 spell levels left.
You knew the following spells:

 Your Spells              Type           Power      Damage    Failure   Level
a - Ensorcelled Hibernat  Hex/Ice        24%        N/A       8%          2
b - Confusing Touch       Hex            21%        N/A       4%          3

Your spell library contained the following spells:

 Spells                   Type           Power      Damage    Failure   Level
 Slow                     Hex            84%        N/A       1%          1
 Sigil of Binding         Hex            21%        N/A       4%          3
 Tukima's Dance           Hex            21%        N/A       4%          3
 Apportation              Tloc           6%         N/A       16%         1
 Necrotise                Necr           12%        1d4       16%         1
 Sting                    Conj/Alch      12%        1d3       16%         1
 Summon Small Mammal      Summ           12%        N/A       16%         1
 Dazzling Flash           Conj/Hex       24%        N/A       16%         3
 Vampiric Draining        Necr           3%         2d6       43%         3
 Alistair's Intoxication  Alch           2%         N/A       99%         5
 Borgnjor's Vile Clutch   Necr/Erth      1%         N/A       99%         5
 Eringya's Noxious Bog    Alch           1%         4d6       100%        6


Dungeon Overview and Level Annotations

Branches:
Dungeon (6/15)
 Temple: D:4-7

Altars:
Cheibriados
Nemelex Xobeh
Okawaru
Yredelemnul

Shops:
D:2 [   D:4 [

Annotations:
D:4 2 runed translucent doors, Gadfly's ghost, amateur DsMo


Innate Abilities, Weirdness & Mutations

You are very small and have problems with some larger weapons.
You are too small for most types of armour.
You have supernaturally acute eyesight. (SInv)
You cover ground extremely quickly. (Speed+++)


Message History

You closely miss the orc.
The orc is severely wounded.
The orc closely misses you.
You hit the orc.
You kill the orc!
No target in view!
No target in view!
No target in view!
No target in view!
No target in view!
No target in view!
You see here a +0 hand axe.
Found a stone staircase leading down.
An ogre comes into view. It is wielding a +0 giant spiked club.
An ogre is nearby!
An ogre is nearby!
An ogre is nearby!
The ogre shouts!
The ogre resists with some effort.
The ogre hits you with a +0 giant spiked club!!
Ouch! That really hurt!
You are too injured to fight recklessly!
You are too injured to fight recklessly!
Casting: Ensorcelled Hibernation (safe; 8% risk of failure)
Confirm with . or Enter, or press ? or * to list all spells.
Aiming: Ensorcelled Hibernation (safe; 8% risk of failure)
Press: ? - help, Shift-Dir - straight line, f/p - ogre
Aim: an ogre, wielding a +0 giant spiked club (chance to affect: 46%)
The ogre resists with some effort.
Casting: Ensorcelled Hibernation (safe; 8% risk of failure)
Confirm with . or Enter, or press ? or * to list all spells.
Aiming: Ensorcelled Hibernation (safe; 8% risk of failure)
Press: ? - help, Shift-Dir - straight line, f/p - ogre
Aim: an ogre, wielding a +0 giant spiked club (chance to affect: 46%)
You miscast Ensorcelled Hibernation.
You are very lightly contaminated with residual magic.
Nothing appears to happen.
The ogre hits you with a +0 giant spiked club!!
Ouch! That really hurt!
You die...

#.# ###....## ###..#
##########.######.......#####..#
...............................#
.#####.##.####.##.......#####.##
<# #.##.# # ###...#.# #.# .#
#.##.# #. #...#.# #.# .# #.##.#
##.# ##.#..# ###.# .#
#.##.###...####.#.## #...# .#
#.##......O@....#.# #.### ##
#.######>..######.# #.# # #.#
##.# #.# #.# # #.# #. #.# #.#
#### #.# # #.# #.# ##.###.# ..#
#.# #.#.##.# #.# .###.#.# #.#
#.#.##.# #.#


You could see an ogre.

Vanquished Creatures
  2 black bears
  An ogre (D:5)
  2 scorpions
  3 killer bees (D:5)
  A bombardier beetle (D:3)
  A jelly (D:4)
  2 hounds
  3 orc priests
  Terence (D:3)
  2 orc wizards (D:4)
  3 iguanas
  6 adders
  A shadow imp (D:5)
  3 ribbon worms
  3 dart slugs
  13 orcs
  5 giant cockroaches
  11 goblins
  6 hobgoblins
  4 jackals (D:3)
  2 quokkas
  8 ball pythons
  4 bats
  5 frilled lizards
  8 kobolds
  5 rats
105 creatures vanquished.

Notes
Turn   | Place    | Note
-------+----------+-------------------------------------------
     0 | D:1      | Gadfly the Spriggan Enchanter began the quest for the Orb.
     0 | D:1      | Reached XP level 1. HP: 9/9 MP: 5/5
    74 | D:1      | Reached XP level 2. HP: 3/13 MP: 6/6
   119 | D:1      | Learned a level 2 spell: Ensorcelled Hibernation
   244 | D:1      | Reached skill level 1 in Evocations
   673 | D:2      | Reached XP level 3. HP: 17/17 MP: 5/8
   985 | D:2      | Learned a level 3 spell: Confusing Touch
  1160 | D:2      | Found a sparkling altar of Nemelex Xobeh.
  1186 | D:2      | Found Yrurigit's Armour Shoppe.
  1365 | D:2      | Reached skill level 5 in Stealth
  1422 | D:2      | Reached skill level 1 in Fighting
  1667 | D:3      | Reached XP level 4. HP: 21/21 MP: 4/9
  1962 | D:3      | Reached XP level 5. HP: 25/25 MP: 10/10
  2037 | D:3      | Noticed Terence
  2043 | D:3      | Killed Terence
  2094 | D:3      | Found a faded altar of an unknown god.
  2542 | D:4      | Found a snail-covered altar of Cheibriados.
  2896 | D:4      | Reached XP level 6. HP: 30/30 MP: 9/12
  2938 | D:4      | Found a basalt altar of Yredelemnul.
  3057 | D:4      | Found a large runed translucent door.
  3057 | D:4      | Found a large runed translucent door.
  3061 | D:4      | Noticed Gadfly's ghost (amateur DsMo)
  3091 | D:4      | Reached skill level 6 in Stealth
  3167 | D:4      | Found Nusohia's Armour Boutique.
  3261 | D:2      | Bought a +2 robe of positive energy for 176 gold pieces
  3744 | D:4      | Found an iron altar of Okawaru.
  3918 | D:5      | Entered Level 5 of the Dungeon
  3927 | D:5      | Reached XP level 7. HP: 31/35 MP: 8/14
  4050 | D:5      | Reached skill level 5 in Hexes
  4359 | D:5      | Reached skill level 5 in Dodging
  4877 | D:6      | Reached skill level 7 in Stealth
  4981 | D:6      | Reached XP level 8. HP: 31/39 MP: 10/16
  5107 | D:6      | Demolished by an ogre

Illustrated notes

Levels and vault maps discovered:
D:1:      lightli_arrival_chessboard, layout_rooms,
          kennysheep_decorative_pillar, minmay_ruptured
D:2:      layout_loops_cross, basic_altar, serial_shops, shop
D:3:      layout_basic, shapermc_ecumenical_altar_mp_ritualfount,
          minmay_pentomino_pile, uniq_terence
D:4:      layout_loops_ring, mainiacjoe_overflow_big_doors, cheibriados_altar_1,
          serial_shops, nicolae_shop_hallway_plus, ebering_ghost_disaster_area
D:5:      layout_cave_pools
D:6:      layout_loops_ring, temple_statues, serial_bayou_ford_a

Skill      XL: |  1  2  3  4  5  6  7 |
---------------+----------------------+-----
Evocations     | 1 2 3 4 |  4.3
Dodging        | 3 4 5 |  5.3
Spellcasting   | 3 4 |  4.7
Stealth        | 5 6 7 |  7.1
Fighting       | 1 2 |  2.8
Short Blades   | 2 3 |  3.9
Hexes          | 4 5 |  5.5

Action                     |  1- 3 |  4- 6 |  7- 9 || total
---------------------------+-------+-------+-------++-------
  Melee: Dagger            |    95 |    29 |       ||   124
         Short sword       |       |    71 |    31 ||   102
   Cast: Ensorcelled Hiber |    19 |    27 |    14 ||    60
    Use: Scroll            |     6 |     6 |     3 ||    15
         Potion            |       |     1 |       ||     1
   Stab: Sleeping          |    27 |    26 |    12 ||    65
         Distracted        |       |     1 |       ||     1
 Armour: Robe              |    31 |    38 |    12 ||    81
  Dodge: Dodged            |    76 |    88 |    27 ||   191
